Flames vs Capitals

Created - 18 novembre 2017 at 18:06

Goals
1 2 3 T
Flames 1 0 1 2
Capitals 1 1 1 3
Shots
1 2 3 T
Flames 5 4 12 21
Capitals 13 8 5 26

1st period

1. Capitals , Mathieu Perreault 4 (David Desharnais 2, Calvin de Haan 7) at 5:34
2. Flames , Kyle Palmieri 9 (Viktor Arvidsson 9, Brady Skjei 9) at 13:00

Penalties :
Justin Faulk (CGY) for Tripping (Minor) at 1:35

2nd period

3. Capitals , Ryan Kesler 8 (Taylor Hall 6, Mike Green 11) at 16:08

Penalties :
Alexander Ovechkin (WSH) for Holding (Minor) at 0:48, Jarome Iginla (CGY) for Tripping (Minor) at 4:00, Brady Skjei (CGY) for Hooking (Minor) at 10:51

3rd period

4. Flames , James van Riemsdyk 9 (Alec Martinez 10) at 0:10
5. Capitals , Ryan Kesler 9 (Taylor Hall 7, Alexander Ovechkin 9) at 18:23

Penalties :
Derek Dorsett (WSH) for Tripping (Minor) at 4:02, Dmitri Orlov (WSH) for Cross-checking (Minor) at 15:18, Viktor Arvidsson (CGY) for High sticking (Minor) at 15:18

Goalie Stats

Mike Smith (CGY), 23 saves from 26 shots - (0.885), L, 6-4-2, 59:38 minutes
Cam Ward (WSH), 19 saves from 21 shots - (0.905), W, 15-5-1, 60:00 minutes

Players Stats for Flames

Player Name              G  A  P  +/- PIM S  H  SB GA TA FO     MP     PP MP  PK MP  
------------------------------------------------------------------------------------
Alec Martinez            0  1  1   0  0   1  1  2  0  0  0/0    23:49   1:35   3:15 
Alexander Radulov        0  0  0   0  0   0  0  0  0  0  1/2     1:14   0:55   0:00 
Andrej Nestrasil         0  0  0  -1  0   0  0  0  0  0  4/13   15:46   0:00   0:00 
Antoine Vermette         0  0  0   1  0   0  3  0  0  0  8/21   18:10   1:54   0:11 
Brady Skjei              0  1  1  -1  2   0  4  0  0  0  0/0    13:29   0:00   0:12 
Brandon Sutter           0  0  0  -1  0   2  0  1  0  0  11/19  16:51   1:24   1:47 
Cameron Gaunce           0  0  0  -1  0   0  1  1  0  0  0/0    13:36   0:00   1:02 
Gabriel Bourque          0  0  0   0  0   2  0  0  0  0  0/0     4:09   0:40   0:00 
James van Riemsdyk       1  0  1  -1  0   5  1  0  0  0  1/5    19:29   1:09   4:10 
Jared Spurgeon           0  0  0   0  0   1  1  0  0  0  0/0    23:02   2:23   2:45 
Jarome Iginla            0  0  0   0  2   1  1  0  0  0  1/1     4:04   0:00   0:36 
Jaromir Jagr             0  0  0  -1  0   1  3  0  0  0  6/17   22:07   1:24   3:23 
John Carlson             0  0  0   0  0   0  0  0  0  0  0/0    22:34   2:23   2:42 
Jordan Martinook         0  0  0  -1  0   0  2  0  0  0  1/1    15:46   0:00   0:00 
Justin Faulk             0  0  0   0  2   0  0  2  0  0  0/0    23:09   1:35   1:58 
Kyle Palmieri            1  0  1   1  0   1  1  0  0  0  0/1    20:21   1:54   1:47 
Shane Doan               0  0  0  -1  0   2  0  0  0  0  0/0    16:26   0:40   0:00 
Viktor Arvidsson         0  1  1   1  2   5  0  0  0  0  0/2    17:58   1:54   0:00 

Players Stats for Capitals

Player Name              G  A  P  +/- PIM S  H  SB GA TA FO     MP     PP MP  PK MP  
------------------------------------------------------------------------------------
Alexander Ovechkin       0  1  1   1  2   4  4  0  0  0  2/3    23:18   3:23   0:45 
Andrew Desjardins        0  0  0   0  0   0  3  0  0  0  0/1    14:54   0:00   1:24 
Calvin de Haan           0  1  1   2  0   1  1  1  0  0  0/0    20:37   2:52   1:41 
Cody Eakin               0  0  0   0  0   3  0  0  0  0  2/3    18:26   2:34   0:00 
David Desharnais         0  1  1   0  0   1  0  0  0  0  0/0    16:00   2:34   0:00 
Derek Dorsett            0  0  0   0  2   0  4  1  0  0  0/1    14:37   0:00   0:00 
Dmitri Orlov             0  0  0   0  2   1  1  0  0  0  0/0    13:18   0:00   0:00 
Jack Johnson             0  0  0  -1  0   1  0  0  0  0  0/0    22:19   3:05   2:17 
Lukas Sedlak             0  0  0   0  0   0  0  0  0  0  8/11   14:01   0:00   0:00 
Mathieu Perreault        1  0  1   0  0   4  2  1  0  0  13/20  20:59   2:34   1:38 
Mike Blunden             0  0  0   0  0   0  0  0  0  0  0/0     0:00   0:00   0:00 
Mike Green               0  1  1   2  0   1  2  0  0  0  0/0    20:37   2:52   1:41 
Morgan Rielly            0  0  0   0  0   0  0  0  0  0  0/0    13:19   0:00   0:00 
Ryan Kesler              2  0  2   1  0   6  1  0  0  0  24/40  27:33   3:23   2:36 
Ryan McDonagh            0  0  0  -1  0   2  1  0  0  0  0/0    26:04   3:05   2:17 
Ryan Murphy              0  0  0   0  0   0  0  0  0  0  0/0     3:45   0:00   0:00 
Sergey Kalinin           0  0  0   0  0   0  0  0  0  0  0/0     0:11   0:00   0:11 
Taylor Hall              0  2  2   1  0   2  0  0  0  0  0/3    24:02   3:23   1:22 

3 Stars

1 - Ryan Kesler (WSH)
2 - Kyle Palmieri (CGY)
3 - Mathieu Perreault (WSH)

Power Play

Flames - 0 on 2 Attempt(s) - 0.00%
Capitals - 0 on 3 Attempt(s) - 0.00%

Penalty Kill

Flames - 3 on 3 Attempt(s) - 100.00% - Score 0 goal in Penalty Kill
Capitals - 2 on 2 Attempt(s) - 100.00% - Score 0 goal in Penalty Kill

Team Stat

Flames - Hits : 18 - Faceoff Wins : 33 - Blocked Shots : 6 - Penalty Minutes : 8
Capitals - Hits : 19 - Faceoff Wins : 49 - Blocked Shots : 3 - Penalty Minutes : 6

Official

Referees : Dan O'Halloran and Gord Dwyer
Linesman : Brian Mach and Shane Heyer

Game Notes

No Game Note

Finance

Level 1 -- Attendance: 2360 (36.31%) -- Ticket Income 590 000 $
Level 2 -- Attendance: 1758 (35.16%) -- Ticket Income 351 600 $
Level 3 -- Attendance: 986 (28.17%) -- Ticket Income 172 550 $
Level 4 -- Attendance: 581 (23.18%) -- Ticket Income 87 150 $
Luxury Box -- Attendance: 483 (48.30%) -- Ticket Income 193 200 $
Game was played at the Verizon Center.
Total Attendance: 6168 (33.33%)
Total Ticket Income: 1 394 500 $
Other Income: 209 175 $
Total Income: 1 603 675 $

% Time on Ice - Flames

Lines # - Real PCT - Wanted PCT - Time Play
Normal Forward
1 - 26% - 40% - 12:12
2 - 34% - 30% - 16:05
3 - 33% - 20% - 15:46
4 - 7% - 10% - 3:29
Normal Defense
1 - 37% - 40% - 17:42
2 - 35% - 30% - 16:32
3 - 26% - 20% - 12:34
4 - 2% - 10% - 0:44
PP Forward
1 - 35% - 60% - 1:24
2 - 65% - 40% - 2:34
PP Defense
1 - 40% - 60% - 1:35
2 - 60% - 40% - 2:23
PK Forward
1 - 70% - 60% - 4:10
2 - 30% - 40% - 1:47
PK Defense
1 - 55% - 60% - 3:15
2 - 45% - 40% - 2:42
PK3 Forward
1 - 0% - 60%
2 - 0% - 40%
PK3 Defense
1 - 0% - 60%
2 - 0% - 40%
44 Forward
1 - 71% - 60% - 1:24
2 - 29% - 40% - 0:35
44 Defense
1 - 60% - 60% - 1:11
2 - 40% - 40% - 0:48
Last Minute Offensive  - 0:34
Last Minute Defensive  - 0:00
Total
Forward - 60:00
Defense - 60:00

% Time on Ice - Capitals

Lines # - Real PCT - Wanted PCT - Time Play
Normal Forward
1 - 38% - 40% - 18:04
2 - 29% - 30% - 13:30
3 - 30% - 20% - 14:01
4 - 4% - 10% - 1:44
Normal Defense
1 - 33% - 40% - 15:26
2 - 31% - 30% - 14:49
3 - 28% - 20% - 13:19
4 - 8% - 10% - 3:45
PP Forward
1 - 57% - 60% - 3:23
2 - 43% - 40% - 2:34
PP Defense
1 - 52% - 60% - 3:05
2 - 48% - 40% - 2:52
PK Forward
1 - 66% - 60% - 2:36
2 - 34% - 40% - 1:22
PK Defense
1 - 58% - 60% - 2:17
2 - 42% - 40% - 1:41
PK3 Forward
1 - 0% - 60%
2 - 0% - 40%
PK3 Defense
1 - 0% - 60%
2 - 0% - 40%
44 Forward
1 - 78% - 60% - 1:33
2 - 22% - 40% - 0:26
44 Defense
1 - 37% - 60% - 0:44
2 - 63% - 40% - 1:15
Last Minute Offensive  - 0:00
Last Minute Defensive  - 0:47
Total
Forward - 60:00
Defense - 60:00

Play by Play

1st period


0:01 of 1st period - Alexander Ovechkin wins face-off versus Jaromir Jagr in neutral zone.
0:18 of 1st period - Shot by Brandon Sutter.
0:18 of 1st period - Shot Misses the Net.
0:20 of 1st period - Shot by Brandon Sutter.
0:20 of 1st period - Stopped by Cam Ward without a rebound.
0:21 of 1st period - Mathieu Perreault wins face-off versus Antoine Vermette in Capitals zone.
0:27 of 1st period - Icing by Calvin de Haan.
0:28 of 1st period - Mathieu Perreault wins face-off versus Andrej Nestrasil in Capitals zone.
0:46 of 1st period - Off-side.
0:47 of 1st period - Lukas Sedlak wins face-off versus Viktor Arvidsson in neutral zone.
0:52 of 1st period - Shot by Cody Eakin.
0:52 of 1st period - Shot Misses the Net.
1:32 of 1st period - Shot by Ryan McDonagh.
1:32 of 1st period - Stopped by Mike Smith without a rebound.
1:33 of 1st period - Ryan Kesler wins face-off versus James van Riemsdyk in Flames zone.
1:35 of 1st period - Minor Penalty to Justin Faulk for Tripping.
1:36 of 1st period - Jaromir Jagr wins face-off versus Ryan Kesler in Flames zone.
2:03 of 1st period - Icing by Taylor Hall.
2:04 of 1st period - Ryan Kesler wins face-off versus Kyle Palmieri in Capitals zone.
2:14 of 1st period - Icing by Jack Johnson.
2:15 of 1st period - Brandon Sutter wins face-off versus Ryan Kesler in Capitals zone.
2:50 of 1st period - James van Riemsdyk is hit by Mathieu Perreault.
3:53 of 1st period - Shot by Shane Doan.
3:53 of 1st period - Stopped by Cam Ward without a rebound.
3:54 of 1st period - Mathieu Perreault wins face-off versus Antoine Vermette in Capitals zone.
4:05 of 1st period - Shot by Kyle Palmieri.
4:05 of 1st period - Deflect By Viktor Arvidsson.
4:05 of 1st period - Stopped by Cam Ward without a rebound.
4:06 of 1st period - Andrej Nestrasil wins face-off versus Lukas Sedlak in Capitals zone.
5:01 of 1st period - Shot by Alexander Ovechkin.
5:01 of 1st period - Shot Blocked by Alec Martinez.
5:03 of 1st period - Shot by Jack Johnson.
5:03 of 1st period - Shot Blocked by Justin Faulk.
5:17 of 1st period - Shot by Alexander Ovechkin.
5:17 of 1st period - Stopped by Mike Smith without a rebound.
5:18 of 1st period - Brandon Sutter wins face-off versus Mathieu Perreault in Flames zone.
5:34 of 1st period - Shot by Mathieu Perreault.
5:34 of 1st period - Goal by Mathieu Perreault - Flames : 0 - Capitals : 1.
5:35 of 1st period - Ryan Kesler wins face-off versus Antoine Vermette in neutral zone.
5:38 of 1st period - Shot by Mathieu Perreault.
5:38 of 1st period - Stopped by Mike Smith without a rebound.
5:39 of 1st period - Brandon Sutter wins face-off versus Ryan Kesler in Flames zone.
6:12 of 1st period - Shot by Taylor Hall.
6:12 of 1st period - Shot Misses the Net.
6:29 of 1st period - Icing by Ryan McDonagh.
6:30 of 1st period - Ryan Kesler wins face-off versus Viktor Arvidsson in Capitals zone.
6:48 of 1st period - Shot by Mathieu Perreault.
6:48 of 1st period - Shot Misses the Net.
7:24 of 1st period - Mike Green is hit by Jordan Martinook and loses puck.
7:31 of 1st period - Icing by Andrew Desjardins.
7:32 of 1st period - Mathieu Perreault wins face-off versus Jaromir Jagr in Capitals zone.
7:52 of 1st period - David Desharnais is hit by Jarome Iginla and loses puck.
8:32 of 1st period - Shot by Cody Eakin.
8:32 of 1st period - Stopped by Mike Smith without a rebound.
8:33 of 1st period - Antoine Vermette wins face-off versus Ryan Kesler in Flames zone.
8:39 of 1st period - Off-side.
8:40 of 1st period - Ryan Kesler wins face-off versus Antoine Vermette in neutral zone.
9:21 of 1st period - Shot by Alexander Ovechkin.
9:21 of 1st period - Shot Misses the Net.
9:23 of 1st period - Shot by Ryan Kesler.
9:23 of 1st period - Stopped by Mike Smith without a rebound.
9:24 of 1st period - Lukas Sedlak wins face-off versus Brandon Sutter in Flames zone.
9:51 of 1st period - Jaromir Jagr is hit by Dmitri Orlov and loses puck.
9:58 of 1st period - Shot by Jaromir Jagr.
9:58 of 1st period - Shot Misses the Net.
10:00 of 1st period - Shot by Cameron Gaunce.
10:00 of 1st period - Shot Misses the Net.
10:22 of 1st period - Shot by Ryan Kesler.
10:22 of 1st period - Stopped by Mike Smith with a rebound.
10:42 of 1st period - Shot by Ryan Kesler.
10:42 of 1st period - Deflect By Taylor Hall.
10:42 of 1st period - Shot Misses the Net.
11:42 of 1st period - Shot by Cody Eakin.
11:42 of 1st period - Stopped by Mike Smith without a rebound.
11:43 of 1st period - Jaromir Jagr wins face-off versus Ryan Kesler in Flames zone.
11:45 of 1st period - Icing by Brandon Sutter.
11:46 of 1st period - Brandon Sutter wins face-off versus Cody Eakin in Flames zone.
11:54 of 1st period - Shot by Jaromir Jagr.
11:54 of 1st period - Deflect By James van Riemsdyk.
11:54 of 1st period - Stopped by Cam Ward without a rebound.
11:55 of 1st period - Ryan Kesler wins face-off versus Jaromir Jagr in Capitals zone.
12:25 of 1st period - Icing by Mike Green.
12:26 of 1st period - Antoine Vermette wins face-off versus Ryan Kesler in Capitals zone.
12:26 of 1st period - Antoine Vermette is hit by Calvin de Haan.
12:30 of 1st period - Shot by Kyle Palmieri.
12:30 of 1st period - Shot Misses the Net.
13:00 of 1st period - Shot by Kyle Palmieri.
13:00 of 1st period - Goal by Kyle Palmieri - Flames : 1 - Capitals : 1.
13:01 of 1st period - Lukas Sedlak wins face-off versus Brandon Sutter in neutral zone.
14:14 of 1st period - Off-side.
14:15 of 1st period - Ryan Kesler wins face-off versus Andrej Nestrasil in neutral zone.
14:20 of 1st period - Shot by Alexander Ovechkin.
14:20 of 1st period - Shot Misses the Net.
14:53 of 1st period - Ryan Kesler is hit by Brady Skjei and loses puck.
15:26 of 1st period - Shot by David Desharnais.
15:26 of 1st period - Stopped by Mike Smith with a rebound.
15:39 of 1st period - David Desharnais is hit by Brady Skjei and loses puck.
15:53 of 1st period - Off-side.
15:54 of 1st period - Brandon Sutter wins face-off versus Taylor Hall in neutral zone.
16:21 of 1st period - Shot by Ryan Kesler.
16:21 of 1st period - Shot Misses the Net.
16:23 of 1st period - Shot by Taylor Hall.
16:23 of 1st period - Shot Misses the Net.
16:27 of 1st period - Shot by Alexander Ovechkin.
16:27 of 1st period - Stopped by Mike Smith with a rebound.
17:03 of 1st period - Shot by Calvin de Haan.
17:03 of 1st period - Stopped by Mike Smith without a rebound.
17:04 of 1st period - Mathieu Perreault wins face-off versus Antoine Vermette in Flames zone.
17:59 of 1st period - Icing by Alexander Radulov.
18:00 of 1st period - Ryan Kesler wins face-off versus Alexander Radulov in Flames zone.
18:07 of 1st period - Shot by Ryan Kesler.
18:07 of 1st period - Stopped by Mike Smith without a rebound.
18:08 of 1st period - Jarome Iginla wins face-off versus Ryan Kesler in Flames zone.
18:23 of 1st period - Shot by Alexander Ovechkin.
18:23 of 1st period - Stopped by Mike Smith without a rebound.
18:24 of 1st period - Antoine Vermette wins face-off versus Lukas Sedlak in Flames zone.
18:26 of 1st period - Icing by Justin Faulk.
18:27 of 1st period - Antoine Vermette wins face-off versus Ryan Kesler in Flames zone.
18:57 of 1st period - Shot by Viktor Arvidsson.
18:57 of 1st period - Shot Misses the Net.
Goals for this period are 1 for Flames vs 1 for Capitals.
Shots for this period are 5 for Flames vs 13 for Capitals.

2nd period


0:01 of 2nd period - Cody Eakin wins face-off versus James van Riemsdyk in neutral zone.
0:29 of 2nd period - Shot by Mathieu Perreault.
0:29 of 2nd period - Shot Blocked by Justin Faulk.
0:31 of 2nd period - Shot by Ryan McDonagh.
0:31 of 2nd period - Shot Misses the Net.
0:39 of 2nd period - Shot by Mathieu Perreault.
0:39 of 2nd period - Shot Misses the Net.
0:41 of 2nd period - Shot by Ryan McDonagh.
0:41 of 2nd period - Shot Misses the Net.
0:48 of 2nd period - Minor Penalty to Alexander Ovechkin for Holding.
0:49 of 2nd period - Ryan Kesler wins face-off versus Antoine Vermette in Capitals zone.
1:06 of 2nd period - Taylor Hall is hit by Kyle Palmieri and loses puck.
1:24 of 2nd period - Off-side.
1:25 of 2nd period - Brandon Sutter wins face-off versus Ryan Kesler in neutral zone.
1:30 of 2nd period - Ryan Kesler is hit by Jaromir Jagr and loses puck.
4:00 of 2nd period - Minor Penalty to Jarome Iginla for Tripping.
4:01 of 2nd period - Jaromir Jagr wins face-off versus Mathieu Perreault in Flames zone.
4:59 of 2nd period - Icing by Mike Green.
5:00 of 2nd period - Ryan Kesler wins face-off versus Brandon Sutter in Capitals zone.
5:34 of 2nd period - Jared Spurgeon is hit by Ryan Kesler.
5:43 of 2nd period - Off-side.
5:44 of 2nd period - Jaromir Jagr wins face-off versus Mathieu Perreault in neutral zone.
5:59 of 2nd period - Shot by Jack Johnson.
5:59 of 2nd period - Shot Misses the Net.
6:14 of 2nd period - Lukas Sedlak is hit by Brady Skjei and loses puck.
6:19 of 2nd period - Shot by Lukas Sedlak.
6:19 of 2nd period - Shot Misses the Net.
7:42 of 2nd period - Jordan Martinook is hit by Derek Dorsett and loses puck.
7:54 of 2nd period - Icing by Morgan Rielly.
7:55 of 2nd period - Mathieu Perreault wins face-off versus James van Riemsdyk in Capitals zone.
8:08 of 2nd period - Shot by David Desharnais.
8:08 of 2nd period - Shot Misses the Net.
8:28 of 2nd period - Shot by James van Riemsdyk.
8:28 of 2nd period - Stopped by Cam Ward without a rebound.
8:29 of 2nd period - Ryan Kesler wins face-off versus Jaromir Jagr in Capitals zone.
8:46 of 2nd period - Jared Spurgeon is hit by Alexander Ovechkin and loses puck.
8:50 of 2nd period - Icing by Jared Spurgeon.
8:51 of 2nd period - Jaromir Jagr wins face-off versus Derek Dorsett in Flames zone.
8:56 of 2nd period - Lukas Sedlak is hit by Jaromir Jagr.
10:45 of 2nd period - Mathieu Perreault is hit by Brady Skjei and loses puck.
10:51 of 2nd period - Minor Penalty to Brady Skjei for Hooking.
10:52 of 2nd period - Mathieu Perreault wins face-off versus Jaromir Jagr in Flames zone.
10:59 of 2nd period - Shot by Cody Eakin.
10:59 of 2nd period - Stopped by Mike Smith without a rebound.
11:00 of 2nd period - Ryan Kesler wins face-off versus Jaromir Jagr in Flames zone.
11:01 of 2nd period - Shot by Taylor Hall.
11:01 of 2nd period - Stopped by Mike Smith without a rebound.
11:02 of 2nd period - Ryan Kesler wins face-off versus Jaromir Jagr in Flames zone.
11:07 of 2nd period - Shot by Calvin de Haan.
11:07 of 2nd period - Shot Misses the Net.
11:32 of 2nd period - Icing by Mike Green.
11:33 of 2nd period - James van Riemsdyk wins face-off versus Ryan Kesler in Capitals zone.
11:34 of 2nd period - Shot by Alec Martinez.
11:34 of 2nd period - Stopped by Cam Ward with a rebound.
12:04 of 2nd period - Shot by Jack Johnson.
12:04 of 2nd period - Shot Misses the Net.
12:06 of 2nd period - Shot by Cody Eakin.
12:06 of 2nd period - Deflect By Mathieu Perreault.
12:06 of 2nd period - Shot Blocked by Brandon Sutter.
13:07 of 2nd period - Icing by Cameron Gaunce.
13:08 of 2nd period - Jordan Martinook wins face-off versus Mathieu Perreault in Flames zone.
13:13 of 2nd period - Shot by Shane Doan.
13:13 of 2nd period - Stopped by Cam Ward without a rebound.
13:14 of 2nd period - Ryan Kesler wins face-off versus Antoine Vermette in Capitals zone.
13:19 of 2nd period - Viktor Arvidsson is hit by Alexander Ovechkin and loses puck.
13:56 of 2nd period - Kyle Palmieri is hit by Mathieu Perreault and loses puck.
14:17 of 2nd period - Shot by Mathieu Perreault.
14:17 of 2nd period - Stopped by Mike Smith without a rebound.
14:18 of 2nd period - Lukas Sedlak wins face-off versus Jaromir Jagr in Flames zone.
14:18 of 2nd period - Mike Green is hit by Alec Martinez.
14:51 of 2nd period - Icing by Mike Green.
14:52 of 2nd period - Lukas Sedlak wins face-off versus Andrej Nestrasil in Capitals zone.
14:58 of 2nd period - Calvin de Haan is hit by Cameron Gaunce and loses puck.
15:14 of 2nd period - Shane Doan is hit by Ryan McDonagh and loses puck.
15:27 of 2nd period - Shot by David Desharnais.
15:27 of 2nd period - Shot Blocked by Cameron Gaunce.
15:37 of 2nd period - Shot by Mathieu Perreault.
15:37 of 2nd period - Shot Misses the Net.
15:48 of 2nd period - Icing by Brady Skjei.
15:49 of 2nd period - Andrej Nestrasil wins face-off versus Ryan Kesler in Flames zone.
15:49 of 2nd period - Andrej Nestrasil is hit by Alexander Ovechkin.
15:52 of 2nd period - Icing by Jordan Martinook.
15:53 of 2nd period - Ryan Kesler wins face-off versus Andrej Nestrasil in Flames zone.
15:54 of 2nd period - Shot by Alexander Ovechkin.
15:54 of 2nd period - Shot Misses the Net.
15:56 of 2nd period - Shot by Dmitri Orlov.
15:56 of 2nd period - Stopped by Mike Smith without a rebound.
15:57 of 2nd period - Ryan Kesler wins face-off versus Brandon Sutter in Flames zone.
16:00 of 2nd period - Shot by Ryan Kesler.
16:00 of 2nd period - Deflect By Alexander Ovechkin.
16:00 of 2nd period - Shot Blocked by Alec Martinez.
16:06 of 2nd period - Shot by Ryan Kesler.
16:06 of 2nd period - Shot Misses the Net.
16:08 of 2nd period - Shot by Ryan Kesler.
16:08 of 2nd period - Goal by Ryan Kesler - Flames : 1 - Capitals : 2.
16:09 of 2nd period - Cody Eakin wins face-off versus Antoine Vermette in neutral zone.
16:28 of 2nd period - Shot by Ryan Kesler.
16:28 of 2nd period - Stopped by Mike Smith with a rebound.
16:31 of 2nd period - Ryan Kesler is hit by Jared Spurgeon and loses puck.
16:41 of 2nd period - Shot by Ryan Kesler.
16:41 of 2nd period - Shot Misses the Net.
16:43 of 2nd period - Shot by Cody Eakin.
16:43 of 2nd period - Shot Misses the Net.
16:45 of 2nd period - Shot by Ryan McDonagh.
16:45 of 2nd period - Stopped by Mike Smith with a rebound.
17:15 of 2nd period - Shot by Taylor Hall.
17:15 of 2nd period - Stopped by Mike Smith with a rebound.
17:20 of 2nd period - Justin Faulk is hit by Mike Green and loses puck.
17:29 of 2nd period - Shot by Brandon Sutter.
17:29 of 2nd period - Stopped by Cam Ward without a rebound.
17:30 of 2nd period - Mathieu Perreault wins face-off versus Andrej Nestrasil in Capitals zone.
17:36 of 2nd period - Icing by Dmitri Orlov.
17:37 of 2nd period - Mathieu Perreault wins face-off versus James van Riemsdyk in Capitals zone.
17:56 of 2nd period - Alec Martinez is hit by Andrew Desjardins and loses puck.
18:19 of 2nd period - Off-side.
18:20 of 2nd period - Lukas Sedlak wins face-off versus Andrej Nestrasil in neutral zone.
18:32 of 2nd period - Icing by John Carlson.
18:33 of 2nd period - Andrej Nestrasil wins face-off versus Ryan Kesler in Flames zone.
Goals for this period are 0 for Flames vs 1 for Capitals.
Shots for this period are 4 for Flames vs 8 for Capitals.

3rd period


0:01 of 3rd period - Ryan Kesler wins face-off versus Brandon Sutter in neutral zone.
0:10 of 3rd period - Shot by James van Riemsdyk.
0:10 of 3rd period - Goal by James van Riemsdyk - Flames : 2 - Capitals : 2.
0:11 of 3rd period - Antoine Vermette wins face-off versus Andrew Desjardins in neutral zone.
0:32 of 3rd period - Shot by Jared Spurgeon.
0:32 of 3rd period - Stopped by Cam Ward without a rebound.
0:33 of 3rd period - Brandon Sutter wins face-off versus Ryan Kesler in Capitals zone.
1:31 of 3rd period - Calvin de Haan is hit by Antoine Vermette and loses puck.
1:42 of 3rd period - Shot by Viktor Arvidsson.
1:42 of 3rd period - Stopped by Cam Ward without a rebound.
1:43 of 3rd period - Mathieu Perreault wins face-off versus Andrej Nestrasil in Capitals zone.
2:45 of 3rd period - Shot by Viktor Arvidsson.
2:45 of 3rd period - Shot Misses the Net.
3:14 of 3rd period - Icing by Jared Spurgeon.
3:15 of 3rd period - Alexander Ovechkin wins face-off versus Antoine Vermette in Flames zone.
3:22 of 3rd period - Shot by Alexander Ovechkin.
3:22 of 3rd period - Stopped by Mike Smith without a rebound.
3:23 of 3rd period - Brandon Sutter wins face-off versus Lukas Sedlak in Flames zone.
3:23 of 3rd period - Brandon Sutter is hit by Derek Dorsett.
3:39 of 3rd period - James van Riemsdyk is hit by Mike Green and loses puck.
3:56 of 3rd period - James van Riemsdyk is hit by Derek Dorsett and loses puck.
4:02 of 3rd period - Minor Penalty to Derek Dorsett for Tripping.
4:03 of 3rd period - Antoine Vermette wins face-off versus Ryan Kesler in Capitals zone.
4:20 of 3rd period - Shot by Kyle Palmieri.
4:20 of 3rd period - Shot Hit the Post.
4:22 of 3rd period - Shot by Viktor Arvidsson.
4:22 of 3rd period - Shot Misses the Net.
4:48 of 3rd period - Shot by James van Riemsdyk.
4:48 of 3rd period - Shot Blocked by Mathieu Perreault.
5:21 of 3rd period - Icing by Alexander Radulov.
5:22 of 3rd period - Alexander Radulov wins face-off versus Taylor Hall in Flames zone.
5:22 of 3rd period - Alexander Radulov is hit by Alexander Ovechkin.
5:32 of 3rd period - Shot by Alexander Radulov.
5:32 of 3rd period - Shot Misses the Net.
6:02 of 3rd period - Shot by Kyle Palmieri.
6:02 of 3rd period - Shot Hit the Post.
6:04 of 3rd period - Shot by Cameron Gaunce.
6:04 of 3rd period - Shot Misses the Net.
6:19 of 3rd period - Morgan Rielly is hit by Jordan Martinook and loses puck.
7:25 of 3rd period - Shot by Viktor Arvidsson.
7:25 of 3rd period - Shot Misses the Net.
7:36 of 3rd period - Icing by Ryan Kesler.
7:37 of 3rd period - Jaromir Jagr wins face-off versus Alexander Ovechkin in Capitals zone.
7:38 of 3rd period - Shot by Gabriel Bourque.
7:38 of 3rd period - Stopped by Cam Ward without a rebound.
7:39 of 3rd period - Ryan Kesler wins face-off versus Jaromir Jagr in Capitals zone.
7:44 of 3rd period - Shot by Alexander Ovechkin.
7:44 of 3rd period - Shot Misses the Net.
7:50 of 3rd period - Shot by Jarome Iginla.
7:50 of 3rd period - Deflect By Jaromir Jagr.
7:50 of 3rd period - Shot Blocked by Calvin de Haan.
7:59 of 3rd period - Shot by Jarome Iginla.
7:59 of 3rd period - Stopped by Cam Ward without a rebound.
8:00 of 3rd period - Mathieu Perreault wins face-off versus Antoine Vermette in Capitals zone.
8:00 of 3rd period - Mathieu Perreault is hit by Antoine Vermette.
8:20 of 3rd period - Shot by Mathieu Perreault.
8:20 of 3rd period - Shot Misses the Net.
9:25 of 3rd period - Icing by Shane Doan.
9:26 of 3rd period - Ryan Kesler wins face-off versus Andrej Nestrasil in Flames zone.
10:11 of 3rd period - Off-side.
10:12 of 3rd period - Lukas Sedlak wins face-off versus Antoine Vermette in neutral zone.
10:36 of 3rd period - Shot by Viktor Arvidsson.
10:36 of 3rd period - Shot Blocked by Derek Dorsett.
11:01 of 3rd period - Icing by Justin Faulk.
11:02 of 3rd period - Antoine Vermette wins face-off versus Mathieu Perreault in Flames zone.
11:02 of 3rd period - Antoine Vermette is hit by Andrew Desjardins.
11:11 of 3rd period - Antoine Vermette is hit by Andrew Desjardins and loses puck.
11:24 of 3rd period - Shot by Mathieu Perreault.
11:24 of 3rd period - Shot Misses the Net.
11:28 of 3rd period - Shot by Mathieu Perreault.
11:28 of 3rd period - Shot Misses the Net.
11:30 of 3rd period - Shot by Jack Johnson.
11:30 of 3rd period - Stopped by Mike Smith without a rebound.
11:31 of 3rd period - Ryan Kesler wins face-off versus Brandon Sutter in Flames zone.
12:27 of 3rd period - Icing by Taylor Hall.
12:28 of 3rd period - Ryan Kesler wins face-off versus Andrej Nestrasil in Capitals zone.
13:11 of 3rd period - Alec Martinez is hit by Derek Dorsett and loses puck.
13:26 of 3rd period - Shot by Gabriel Bourque.
13:26 of 3rd period - Shot Misses the Net.
13:32 of 3rd period - Shot by Jaromir Jagr.
13:32 of 3rd period - Stopped by Cam Ward with a rebound.
13:34 of 3rd period - Shot by Gabriel Bourque.
13:34 of 3rd period - Stopped by Cam Ward without a rebound.
13:35 of 3rd period - Mathieu Perreault wins face-off versus Antoine Vermette in Capitals zone.
13:57 of 3rd period - Shot by Viktor Arvidsson.
13:57 of 3rd period - Stopped by Cam Ward without a rebound.
13:58 of 3rd period - Andrej Nestrasil wins face-off versus Ryan Kesler in Capitals zone.
14:50 of 3rd period - Shot by Viktor Arvidsson.
14:50 of 3rd period - Stopped by Cam Ward with a rebound.
14:58 of 3rd period - Shot by Viktor Arvidsson.
14:58 of 3rd period - Stopped by Cam Ward without a rebound.
14:59 of 3rd period - Brandon Sutter wins face-off versus Mathieu Perreault in Capitals zone.
15:04 of 3rd period - Shot by James van Riemsdyk.
15:04 of 3rd period - Stopped by Cam Ward without a rebound.
15:05 of 3rd period - Mathieu Perreault wins face-off versus Brandon Sutter in Capitals zone.
15:05 of 3rd period - Mathieu Perreault is hit by Jaromir Jagr.
15:17 of 3rd period - Shot by James van Riemsdyk.
15:17 of 3rd period - Stopped by Cam Ward without a rebound.
15:18 of 3rd period - Lukas Sedlak wins face-off versus Antoine Vermette in Capitals zone.
15:18 of 3rd period - Minor Penalty to Dmitri Orlov for Cross-checking.
15:18 of 3rd period - Minor Penalty to Viktor Arvidsson for High sticking.
15:19 of 3rd period - Ryan Kesler wins face-off versus Jaromir Jagr in Capitals zone.
15:54 of 3rd period - Shot by Mathieu Perreault.
15:54 of 3rd period - Stopped by Mike Smith without a rebound.
15:55 of 3rd period - Ryan Kesler wins face-off versus Jaromir Jagr in Flames zone.
16:06 of 3rd period - Ryan McDonagh is hit by James van Riemsdyk and loses puck.
16:42 of 3rd period - Shot by Mike Green.
16:42 of 3rd period - Stopped by Mike Smith without a rebound.
16:43 of 3rd period - Brandon Sutter wins face-off versus Taylor Hall in Flames zone.
16:53 of 3rd period - Icing by Alec Martinez.
16:54 of 3rd period - Ryan Kesler wins face-off versus Brandon Sutter in Flames zone.
17:44 of 3rd period - Shot by Brady Skjei.
17:44 of 3rd period - Shot Misses the Net.
17:46 of 3rd period - Shot by Jordan Martinook.
17:46 of 3rd period - Shot Misses the Net.
18:13 of 3rd period - Shot by Alexander Ovechkin.
18:13 of 3rd period - Shot Misses the Net.
18:23 of 3rd period - Shot by Ryan Kesler.
18:23 of 3rd period - Goal by Ryan Kesler - Flames : 2 - Capitals : 3.
18:24 of 3rd period - Antoine Vermette wins face-off versus Mathieu Perreault in neutral zone.
19:20 of 3rd period - Alexander Ovechkin is hit by Antoine Vermette and loses puck.
19:34 of 3rd period - Off-side.
19:35 of 3rd period - Brandon Sutter wins face-off versus Ryan Kesler in neutral zone.
19:38 of 3rd period - Flames, Mike Smith is pulled from the net.
19:56 of 3rd period - Shot by Alexander Ovechkin.
19:56 of 3rd period - Shot Misses the Net.
19:58 of 3rd period - Shot by Ryan McDonagh.
19:58 of 3rd period - Shot Misses the Net.
Goals for this period are 1 for Flames vs 1 for Capitals.
Shots for this period are 12 for Flames vs 5 for Capitals.